AoeStats
← nnvtn

Arabia

510626673Analyzed
2v2 RM · 20h ago on Oct 1, 2026· 25m 4s· 4 players
Game mode
Random Map
Map size
Medium (4 player)
Population
200
Speed
Normal
Resources
Standard
Victory
Conquest
Starting age
Dark Age
Ending age
Imperial Age
RankedLock teamsTeams togetherTeam positionsShared explorationLock speedFull tech treeHidden civsTurbo modeCheats
Victory
Defeat
🇦🇷 Khmer · Argentina
1086
+13
🇦🇷 Saracens · Argentina
1060
+14
🇦🇷 Britons · Argentina
1038
-14
🇹🇷 Poles · Türkiye
994
-13
M4n0_Hombremago
7:52 Loom
10:37 Feudal Age
11:22 Double-Bit Axe
16:02 Fletching
23:49 Castle Age
23:53 Crossbowman
nnvtn
9:50 Loom
11:36 Feudal Age
18:17 Forging
18:13 Scale Barding Armor
18:05 Double-Bit Axe
18:02 Horse Collar
La Fumoneta
7:09 Loom
9:55 Feudal Age
11:33 Double-Bit Axe
18:53 Castle Age
19:16 Bloodlines
19:14 Light Cavalry
20:59 Husbandry
22:22 Forging
23:52 Wheelbarrow
24:24 Scale Barding Armor
Zielort
7:54 Loom
10:28 Feudal Age
10:44 Man-at-Arms
23:52 Castle Age
22:18 Fletching
23:50 Padded Archer Armor
Connection lost

Rejoining the realm…

Still unreachable

The connection could not be restored.

Session expired

The server has moved on; the page needs a fresh start.